 Dungeon Sprint DCSS version 0.29.1-2-gbd0b4ee654 (webtiles) character file.

Game seed: 13212301355521558609

1656 Groucho the Covert (level 8, -3/43 HPs)
             Began as a Felid Fighter on Oct 27, 2022.
             Was an Elder of Makhleb.
             Slain by a centaur warrior (8 damage)
             ... in the Dungeon (Sprint IX: "|||||||||||||||||||||||||||||").
             The game lasted 00:04:01 (1644 turns).

Groucho the Covert (Felid Fighter)                  Turns: 1644, Time: 00:04:01

Health: -3/43      AC:  4    Str: 14    XL:     8   Next: 68%
Magic:  10/13      EV: 27    Int: 10    God:    Makhleb [****..]
Gold:   14         SH:  0    Dex: 18    Spells: 7/7 levels left
                                        Lives:  0   Deaths: 2

rFire   . . .      SeeInvis +     - Unarmed
rCold   . . .      Faith    .   (shield unavailable)
rNeg    . . .      Spirit   .   (body armour unavailable)
rPois   .          Reflect  .   (helmet unavailable)
rElec   .          Harm     .   (cloak unavailable)
rCorr   .          Rampage  .   (gloves unavailable)
Will    +....      NoTele   +   (boots unavailable)
Stlth   ++++++....              (no amulet)
HPRegen 0.14/turn               j - +2 ring of protection
MPRegen 0.13/turn               k - +3 ring of dexterity

@: quick
A: very small, claws 1, fangs 3, see invisible, speed 1, shaggy fur 2, stealthy
paws, no weapons or thrown items, no armour, multi-lived
a: Renounce Religion, Minor Destruction, Lesser Servant of Makhleb, Major
Destruction


You were in the Dungeon.
You worshipped Makhleb.
Makhleb was greatly pleased with you.
You visited 1 branch You collected 14 gold pieces.

Inventory:

Jewellery
 j - a +2 ring of protection (left paw)
 k - a +3 ring of dexterity (right paw)
Wands
 i - a wand of acid (10)
Scrolls
 g - 2 scrolls of blinking
 h - 2 scrolls of amnesia
Potions
 b - 2 potions of curing
 c - 2 potions of attraction {unknown}
 e - 4 potions of magic


   Skills:
 + Level 10.5 Fighting
 + Level 13.4 Dodging
 + Level 13.9 Stealth
 + Level 10.8 Unarmed Combat
 + Level 5.7 Invocations


You had 7 spell levels left.
You didn't know any spells.
Your spell library was empty.

Dungeon Overview and Level Annotations

Branches:
Dungeon (1/1)

Altars:
Cheibriados
Dithmenos
Elyvilon
Fedhas
Gozag
Hepliaklqana
Kikubaaqudgha
Makhleb
Nemelex Xobeh
Okawaru
Qazlal
Ru
Sif Muna
Trog
Uskayaw
Vehumet
Wu Jian
Xom
Yredelemnul
Zin
The Shining One
Jiyva
Lugonu


Innate Abilities, Weirdness & Mutations

You have sharp claws.
You have razor-sharp teeth.
You have supernaturally acute eyesight. (SInv)
You cover ground quickly. (Speed+)
You are covered in thick fur. (AC +2)
Your paws help you pounce on unaware monsters.
You are incapable of wielding weapons or throwing items.
You cannot wear armour.
You gain extra lives every three experience levels.


Message History

You bite the centaur warrior, but do no damage.
The centaur warrior is moderately wounded.
The centaur warrior completely misses you.
The centaur warrior closely misses you.
You scratch the centaur warrior but do no damage.
Your claw misses the centaur warrior.
The centaur warrior is moderately wounded.
The centaur warrior hits you.
* * * LOW HITPOINT WARNING * * *
The centaur warrior closely misses you.
Unknown command.
You feel better. The centaur warrior hits you!
* * * LOW HITPOINT WARNING * * *
The centaur warrior misses you.
The centaur warrior completely misses you.
The centaur warrior barely misses you.
You claw the centaur warrior!
The centaur warrior is heavily wounded.
The centaur warrior barely misses you.
The centaur warrior completely misses you.
You scratch the centaur warrior.
The centaur warrior is heavily wounded.
The centaur warrior misses you. The centaur warrior closely misses you.
You claw the centaur warrior! Your bite misses the centaur warrior.
The centaur warrior is severely wounded.
The centaur warrior hits you but does no damage.
The centaur warrior kicks you but does no damage.
Unknown command.
You closely miss the centaur warrior. You bite the centaur warrior.
The centaur warrior is severely wounded.
The centaur warrior completely misses you.
The centaur warrior kicks you.
* * * LOW HITPOINT WARNING * * *
The centaur warrior closely misses you.
The centaur warrior kicks you but does no damage.
Unknown command.
You completely miss the centaur warrior.
The centaur warrior is severely wounded.
The centaur warrior hits you!
You die...

▓▓▓▓▓▓▓▓▓▓▓▓▓▓▓▓▓▓▓▓▓▓▓
....).................▓
▓▓▓▓▓▓▓▓▓▓▓▓▓▓▓▓▓▓▓▓▓.▓
k†..$$!)'..[[[[..'....▓
▓▓▓▓▓▓▓▓▓▓▓▓▓▓▓▓▓▓▓▓▓▓▓
......................▓
▓▓▓▓▓▓▓▓▓▓▓▓▓▓▓▓▓▓▓▓▓.▓
[[[..'o..oOy+HQc@†)'..▓
▓▓▓▓▓▓▓▓▓▓▓▓▓▓▓▓▓▓▓▓▓▓▓


You could see a tengu warrior, a centaur warrior and a manticore.

Vanquished Creatures
  A centaur warrior (D)
  A deep elf pyromancer (D)
  A cane toad (shapeshifter) (D)
  A tyrant leech (D)
  A wraith (D)
  Grum (D)
  3 wolves (D)
  A gnoll sergeant (D)
  2 hounds (D)
  An iguana (D)
  4 worms (D)
  An orc (D)
  A kobold (D)
  A quokka (D)
  A frilled lizard (D)
  3 rats (D)
24 creatures vanquished.

Notes
Turn   | Place    | Note
-------+----------+-------------------------------------------
     0 | D        | Groucho the Felid Fighter began the quest for the Orb.
     0 | D        | Reached XP level 1. HP: 10/10 MP: 2/2
     6 | D        | Reached skill level 1 in Stealth
   340 | D        | Noticed a hound
   340 | D        | Noticed a hound
   340 | D        | Noticed an iguana
   342 | D        | Killed a hound
   343 | D        | Reached skill level 5 in Dodging
   343 | D        | Reached skill level 5 in Unarmed Combat
   343 | D        | Reached XP level 2. HP: 15/15 MP: 3/3
   343 | D        | Reached XP level 3. HP: 18/18 MP: 4/4
   355 | D        | Reached skill level 5 in Stealth
   358 | D        | Reached skill level 5 in Fighting
   358 | D        | Reached XP level 4. HP: 23/23 MP: 5/5
   681 | D        | Found a snail-covered altar of Cheibriados.
   681 | D        | Found a shadowy altar of Dithmenos.
   681 | D        | Found a white marble altar of Elyvilon.
   681 | D        | Found a blossoming altar of Fedhas.
   681 | D        | Found an opulent altar of Gozag.
   682 | D        | Found a hazy altar of Hepliaklqana.
   683 | D        | Found a viscous altar of Jiyva.
   684 | D        | Found an ancient bone altar of Kikubaaqudgha.
   685 | D        | Found a corrupted altar of Lugonu.
   686 | D        | Found a burning altar of Makhleb.
   687 | D        | Found a sparkling altar of Nemelex Xobeh.
   688 | D        | Found an iron altar of Okawaru.
   689 | D        | Found a stormy altar of Qazlal.
   690 | D        | Found a sacrificial altar of Ru.
   691 | D        | Found a shimmering blue altar of Sif Muna.
   692 | D        | Found a bloodstained altar of Trog.
   693 | D        | Found a hide-covered altar of Uskayaw.
   694 | D        | Found a radiant altar of Vehumet.
   695 | D        | Found an ornate altar of the Wu Jian Council.
   696 | D        | Found a shimmering altar of Xom.
   697 | D        | Found a basalt altar of Yredelemnul.
   698 | D        | Found a glowing silver altar of Zin.
   699 | D        | Found a glowing golden altar of the Shining One.
   729 | D        | Noticed a gnoll sergeant
   729 | D        | Noticed a wraith
   729 | D        | Noticed a two-headed ogre
   755 | D        | Became a worshipper of Makhleb the Destroyer
   763 | D        | Killed a gnoll sergeant
   764 | D        | Reached XP level 5. HP: 27/27 MP: 6/6
   788 | D        | Killed a wraith
   789 | D        | Gained mutation: You are covered in thick fur. (AC +2)
                  | [Felid growth]
   789 | D        | Reached XP level 6. HP: 25/33 MP: 7/7
   792 | D        | Slain by a two-headed ogre
   793 | D        | Reached XP level 5. HP: 0/28 MP: 6/6
   808 | D        | Noticed a wolf
   810 | D        | Noticed a wolf
   810 | D        | Noticed Grum
   811 | D        | Noticed a wolf
   820 | D        | Killed a wolf
   820 | D        | Reached * piety under Makhleb
   821 | D        | Reached skill level 10 in Dodging
   830 | D        | Killed Grum
   831 | D        | Reached skill level 10 in Stealth
   831 | D        | Reached XP level 6. HP: 13/33 MP: 7/7
   850 | D        | Reached ** piety under Makhleb
   851 | D        | Reached XP level 7. HP: 5/37 MP: 8/8
  1572 | D        | Noticed a tyrant leech
  1574 | D        | Noticed a lindwurm
  1575 | D        | Noticed a lindwurm
  1578 | D        | Noticed a tyrant leech
  1586 | D        | Killed a tyrant leech
  1587 | D        | Reached *** piety under Makhleb
  1590 | D        | Killed from afar by a lindwurm
  1591 | D        | Reached XP level 6. HP: -9/34 MP: 8/8
  1621 | D        | Noticed a manticore
  1621 | D        | Noticed a tengu warrior
  1621 | D        | Noticed a centaur warrior
  1621 | D        | Noticed a centaur warrior
  1621 | D        | Noticed a cane toad
  1621 | D        | Noticed a deep elf pyromancer
  1623 | D        | Killed a deep elf pyromancer
  1624 | D        | Reached skill level 10 in Unarmed Combat
  1624 | D        | Reached XP level 7. HP: 38/38 MP: 8/10
  1625 | D        | Killed a cane toad
  1626 | D        | Reached skill level 10 in Fighting
  1626 | D        | Reached XP level 8. HP: 43/43 MP: 8/12
  1634 | D        | Killed a centaur warrior
  1634 | D        | Reached **** piety under Makhleb
  1635 | D        | Reached skill level 5 in Invocations
  1644 | D        | Slain by a centaur warrior

Illustrated notes

Levels and vault maps discovered:
D:        linesprint [early_d, line_temple, items_1, d_10, items_2, lair_1,
          lair_end, items_3, orc_1, orc_end, items_4, d_15, swamp_1, shoals_1,
          snake_1, spider_1, d_20, vaults_1, items_5, swamp_end, shoals_end,
          snake_end, spider_end, vaults_end, d_27, items_6, zot_1, zot_end,
          crypt_end, forest_end, elf_end, slime_end, tomb_end, abyss_end,
          pan_hell_end]

Skill      XL: |  1  2  3  4  5  6  7  8 |
---------------+-------------------------+-----
Stealth        | 4 5 7 10 12 13 | 13.9
Fighting       | 4 5 6 8 10 | 10.5
Dodging        | 5 6 7 10 12 13 | 13.4
Unarmed Combat | 5 6 8 10 | 10.8
Invocations    | 3 4 5 |  5.7

Action                   |  1- 3 |  4- 6 |  7- 9 || total
-------------------------+-------+-------+-------++-------
Melee: Unarmed           |    28 |    73 |    28 ||   129
       Bite              |     4 |     9 |     5 ||    18
       Punch             |     2 |     6 |     2 ||    10
  Use: Potion            |     2 |     5 |     3 ||    10
 Stab: Sleeping          |     1 |     1 |     2 ||     4
       Invisible         |       |     2 |       ||     2
Armor: Skin              |     2 |     6 |     5 ||    13
Dodge: Dodged            |    21 |    57 |    32 ||   110
